 Dungeon Crawl Stone Soup version 0.27-a0-1154-gfdeffcb720 (webtiles) character file.

Game seed: 1514401124999250427

7913 leviel the Cleaver (level 11, -4/94 HPs)
             Began as a Minotaur Fighter on May 14, 2021.
             Killed from afar by an electric eel (8 damage)
             ... with a bolt of electricity
             ... on level 10 of the Dungeon.
             The game lasted 00:13:33 (12595 turns).

leviel the Cleaver (Minotaur Fighter)              Turns: 12595, Time: 00:13:34

Health: -4/94      AC: 11    Str: 25    XL:     11   Next: 3%
Magic:  8/8        EV: 10    Int:  5    God:
Gold:   429        SH: 13    Dex:  9    Spells: 10/10 levels left

rFire    . . .     SeeInvis .   a - +0 war axe
rCold    . . .     Faith    .   s - +2 kite shield
rNeg     + . .     Spirit   .   b - +0 scale mail
rPois    .         Reflect  .   n - +2 hat
rElec    .         Harm     .   o - scarf {repulsion}
rCorr    .         Rampage  .   (no gloves)
Will     .....                  y - +0 pair of boots
Stlth    ..........             (no amulet)
HPRegen  0.25/turn              h - ring of positive energy
MPRegen  0.11/turn              (no ring)

@: repel missiles
A: horns 2, retaliatory headbutt, low mp 1
a: no special abilities


You were on level 10 of the Dungeon.
You visited 3 branches of the dungeon, and saw 12 of its levels.
You also visited: Sewer.

You collected 1150 gold pieces.
You spent 721 gold pieces at shops.

Inventory:

Hand Weapons
 a - a +0 war axe (weapon)
 i - the +7 trident "Muhuimak" {freeze, rElec Int+8 Dex-4}
   (You found it on level 9 of the Dungeon)

   It has been specially enchanted to freeze those struck by it, causing extra
   injury to most foes and up to half again as much damage against particularly
   susceptible opponents.
   It can also slow down cold-blooded creatures.
   It affects your intelligence (+8).
   It affects your dexterity (-4).
   It insulates you from electricity.
 q - a +5 morningstar
Missiles
 m - 2 throwing nets
Armour
 b - a +0 scale mail (worn)
 n - a +2 hat (worn)
 o - a scarf of repulsion (worn)
 s - a +2 kite shield (worn)
 v - a +1 cloak
 y - a +0 pair of boots (worn)
Jewellery
 h - a ring of positive energy (left hand)
Wands
 c - a wand of flame (24)
 w - a wand of iceblast (13) (quivered)
 z - a wand of paralysis (4)
 B - a wand of digging (4)
 D - a wand of charming (9)
Scrolls
 e - 6 scrolls of teleportation
 j - 4 scrolls of enchant weapon {@r3}
 l - a scroll of summoning
 t - 2 scrolls of immolation
 u - 3 scrolls of identify {@r1}
 A - a scroll of blinking
 C - a scroll of fog
Potions
 d - a potion of flight
 f - 4 potions of ambrosia
 g - 3 potions of berserk rage
 k - 2 potions of haste
 r - 4 potions of curing
 x - a potion of cancellation


   Skills:
 + Level 8.1 Fighting
 * Level 14.2 Axes
 + Level 9.1 Armour
 + Level 4.4 Dodging
 + Level 1.0 Stealth
 + Level 7.8 Shields


You had 10 spell levels left.
You didn't know any spells.
Your spell library contained the following spells:

 Spells                   Type           Power      Damage    Failure   Level
 Corona                   Hex            0%         N/A       95%         1
 Ensorcelled Hibernation  Hex/Ice        0%         N/A       99%         2
 Slow                     Hex            0%         N/A       99%         2
 Confusing Touch          Hex            0%         N/A       100%        3
 Dazzling Flash           Conj/Hex       0%         N/A       100%        3
 Ignite Poison            Fire/Tmut/Pois 0%         N/A       100%        3
 Tukima's Dance           Hex            0%         N/A       100%        3
 Sticky Flame             Conj/Fire      0%         2d3       100%        4
 Metabolic Englaciation   Hex/Ice        0%         N/A       100%        5


Dungeon Overview and Level Annotations

Branches:
Dungeon (10/15)            Temple (1/1) D:5            Lair (0/6) D:10
    Orc (1/2) D:9           Sewer (visited)

Altars:
Ashenzari
Cheibriados
Dithmenos
Elyvilon
Fedhas
Gozag
Hepliaklqana
Kikubaaqudgha
Makhleb
Nemelex Xobeh
Okawaru
Qazlal
Ru
Trog
Uskayaw
Vehumet
Wu Jian
Xom
Yredelemnul
Zin
The Shining One

Shops:
D:4 ?[*?   D:5 (   D:10 [

Annotations:
Orc:1 Jorgrun


Innate Abilities, Weirdness & Mutations

You have a pair of horns on your head.
You reflexively headbutt those who attack you in melee.
Your magical capacity is low. (-10% MP)


Message History

The two-headed ogre is moderately wounded.
You hit the two-headed ogre.
The two-headed ogre is moderately wounded.
The electric eel shoots out a bolt of lightning at you!
The bolt of electricity hits you.
You block the two-headed ogre's attack. x2
You slash the two-headed ogre!
The two-headed ogre is heavily wounded.
The electric eel shoots out a bolt of lightning at you!
The bolt of electricity hits you.
A wyvern comes into view.
The wyvern hisses angrily.
You hit the two-headed ogre but do no damage.
You headbutt the two-headed ogre.
The two-headed ogre is heavily wounded.
The two-headed ogre closely misses you.
The two-headed ogre hits you with a +0 giant club!
You slash the two-headed ogre!
You headbutt the two-headed ogre, but do no damage.
The two-headed ogre is severely wounded.
The electric eel shoots out a bolt of lightning at you!
The bolt of electricity is repelled.
An electric eel comes into view.
You block the two-headed ogre's attack. x2
You slash the two-headed ogre!
You headbutt the two-headed ogre, but do no damage.
The two-headed ogre is almost dead.
The electric eel shoots out a bolt of lightning at you!
The bolt of electricity hits you!
The electric eel shoots out a bolt of lightning at you!
The bolt of electricity hits the electric eel.
The electric eel completely resists.
The bolt of electricity hits you.
You hit the two-headed ogre but do no damage.
The two-headed ogre is almost dead.
The two-headed ogre hits you with a +0 giant spiked club!
* * * LOW HITPOINT WARNING * * *
The two-headed ogre hits you with a +0 giant club!!
* * * LOW HITPOINT WARNING * * *
The electric eel shoots out a bolt of lightning at you!
The bolt of electricity hits you!
You die...

≈≈≈≈..≈......#.#
≈≈≈≈≈≈≈........
..≈;≈≈.≈≈.....#
.≈..;≈≈.....#.###
...≈≈≈.≈≈≈......
.>..≈≈≈≈...##.#
...≈≈≈≈.......# #
≈≈≈.≈≈≈≈..l..###.#.#
≈≈≈≈≈≈≈.≈O@#........
≈≈≈≈≈≈≈≈.[)..?...#.#
≈≈≈≈≈≈.≈≈...######
≈≈≈≈≈.......###
≈≈≈≈≈........<#
####.####(....####.##
#. #............ #
#....<.###.#.
#......#


You could see a two-headed ogre, a wyvern and 2 electric eels.

Vanquished Creatures
  A hornet (D:8)
  Prince Ribbit (D:5)
  Sigmund (D:6)
  A wraith (D:7)
  A wyvern (D:5)
  17 yaks (D:9)
  2 steam dragons (D:6)
  Edmund (D:6)
  3 sky beasts
  2 orc warriors
  2 necrophages
  4 ogres (D:5)
  A centaur (D:7)
  5 wolves (D:10)
  2 scorpions
  2 bullfrogs
  A wyvern zombie (D:7)
  A gnoll sergeant (D:6)
  A water moccasin zombie (D:6)
  A water moccasin skeleton (D:6)
  3 killer bees
  17 wights
  2 howler monkeys
  2 electric eels (D:10)
  5 centaur zombies
  3 hounds
  A bullfrog zombie (D:6)
  A jelly (D:8)
  2 orc priests
  A bullfrog skeleton (D:6)
  A centaur skeleton (D:7)
  An iguana (D:7)
  Terence (D:3)
  5 orc wizards
  Natasha (thrice) (D:3)
  A howler monkey zombie (D:8)
  5 gnolls (D:6)
  2 howler monkey skeletons
  10 adders
  6 river rats (Sewer)
  3 shadow imps
  3 white imps
  An ufetubus (D:6)
  3 dart slugs
  25 orcs
  8 ball pythons
  10 endoplasms
  A giant cockroach (D:1)
  8 goblins
  4 hobgoblins
  4 jackals (D:3)
  9 kobolds
  3 quokkas
  7 bats
  11 frilled lizards
  9 rats
231 creatures vanquished.

Vanquished Creatures (others)
  An orc wizard (D:4)
  An orc (D:7)
2 creatures vanquished.

Grand Total: 233 creatures vanquished

Notes
Turn   | Place    | Note
-------+----------+-------------------------------------------
     0 | D:1      | leviel the Minotaur Fighter began the quest for the Orb.
     0 | D:1      | Reached XP level 1. HP: 19/19 MP: 0/0
   188 | D:1      | Reached XP level 2. HP: 27/27 MP: 1/1
   548 | D:1      | Reached skill level 3 in Axes
   795 | D:1      | Reached XP level 3. HP: 33/33 MP: 2/2
  1311 | D:2      | Found a shimmering altar of Xom.
  1360 | D:2      | Reached skill level 4 in Axes
  1846 | D:2      | Reached skill level 1 in Dodging
  1846 | D:2      | Reached XP level 4. HP: 40/40 MP: 3/3
  2024 | D:3      | Gained mutation: Your magical capacity is low. (-10% MP)
                  | [potion of mutation]
  2100 | D:3      | Noticed Terence
  2108 | D:3      | Killed Terence
  2111 | D:3      | Reached skill level 5 in Axes
  2122 | D:3      | Reached XP level 5. HP: 3/46 MP: 3/3
  2486 | D:3      | Noticed Natasha
  2496 | D:3      | Killed Natasha
  2574 | D:3      | Found a white marble altar of Elyvilon.
  2812 | D:3      | Found a faded altar of an unknown god.
  2833 | D:3      | Noticed Natasha
  2840 | D:3      | Killed Natasha
  2885 | D:3      | Noticed Natasha
  2894 | D:3      | Killed Natasha
  2895 | D:3      | Reached skill level 6 in Axes
  3129 | D:4      | Found a glowing drain.
  3133 | D:4      | Reached XP level 6. HP: 31/52 MP: 4/4
  3142 | Sewer    | Entered a sewer
  3405 | Sewer    | Identified Sif Muna's Almanac of the Volcanoes and the Oath
  4153 | D:4      | Reached skill level 7 in Axes
  4177 | D:4      | Found a burning altar of Makhleb.
  4207 | D:4      | Found Neule's Magic Scroll Emporium.
  4207 | D:4      | Found Sol Losch's Armour Emporium.
  4212 | D:4      | Found Umnuxoc's Magic Scroll Emporium.
  4215 | D:4      | Bought a scroll of enchant weapon for 97 gold pieces
  4216 | D:4      | Found Raeh's Assorted Antiques.
  4589 | D:5      | Entered Level 5 of the Dungeon
  4605 | D:5      | Found a staircase to the Ecumenical Temple.
  4619 | D:5      | Noticed a wyvern
  4626 | D:5      | Killed a wyvern
  4627 | D:5      | Reached skill level 5 in Armour
  4627 | D:5      | Reached XP level 7. HP: 36/60 MP: 5/5
  4694 | Temple   | Entered the Ecumenical Temple
  4856 | D:5      | Found Onierghe's Antique Weapon Emporium.
  4966 | D:5      | Noticed Prince Ribbit
  4974 | D:5      | Reached skill level 8 in Axes
  5004 | D:5      | Killed Prince Ribbit
  5274 | D:5      | Reached skill level 5 in Fighting
  5274 | D:5      | Reached skill level 5 in Shields
  5274 | D:5      | Reached XP level 8. HP: 39/68 MP: 6/6
  5443 | D:5      | Reached skill level 9 in Axes
  6272 | D:6      | Reached skill level 10 in Axes
  6805 | D:6      | Reached XP level 9. HP: 21/74 MP: 7/7
  7096 | D:6      | Noticed Edmund
  7107 | D:6      | Killed Edmund
  7195 | D:6      | Found a snail-covered altar of Cheibriados.
  7256 | D:6      | Found a shimmering altar of Xom.
  7256 | D:6      | Noticed Sigmund
  7264 | D:6      | Killed Sigmund
  7267 | D:6      | Reached skill level 11 in Axes
  7393 | D:6      | Found an ornate altar of the Wu Jian Council.
  8426 | D:7      | Reached skill level 12 in Axes
  9324 | D:8      | Paralysed by a hornet for 1 turns
  9928 | D:8      | Reached XP level 10. HP: 84/84 MP: 8/8
 10378 | D:9      | Reached skill level 13 in Axes
 10407 | D:9      | Found a staircase to the Orcish Mines.
 10427 | D:9      | Identified the +7 trident "Muhuimak" {freeze, rElec Int+8
                  | Dex-4}
 10836 | D:9      | Identified a scroll of acquirement
 10836 | D:9      | Acquired 675 gold pieces
 10989 | D:4      | Bought a scroll of summoning for 114 gold pieces
 10993 | D:4      | Bought a scarf of repulsion for 168 gold pieces
 11011 | D:4      | Bought a scroll of enchant weapon for 90 gold pieces
 11011 | D:4      | Bought 2 scrolls of identify for 48 gold pieces
 11011 | D:4      | Bought a scroll of blinking for 90 gold pieces
 11011 | D:4      | Bought a scroll of identify for 24 gold pieces
 11011 | D:4      | Bought a scroll of enchant weapon for 90 gold pieces
 11114 | Orc:1    | Entered Level 1 of the Orcish Mines
 11115 | Orc:1    | Noticed Jorgrun
 11500 | D:9      | Reached skill level 1 in Stealth
 11503 | D:9      | Reached skill level 14 in Axes
 11772 | D:9      | Found a sparkling altar of Nemelex Xobeh.
 11807 | D:10     | Entered Level 10 of the Dungeon
 11826 | D:10     | Found Hufungut's Antique Armour Emporium.
 12105 | D:10     | Reached XP level 11. HP: 94/94 MP: 8/8
 12116 | D:10     | Found a staircase to the Lair.
 12583 | D:10     | Noticed a two-headed ogre
 12595 | D:10     | HP: 4/94 [two-headed ogre/+0 giant spiked club (21)]
 12595 | D:10     | Killed from afar by an electric eel

Illustrated notes

Levels and vault maps discovered:
D:1:      dpeg_arrival_round_b, layout_basic
D:2:      minmay_skewed_foursquare, layout_loops_ring, basic_altar
D:3:      layout_rooms, elyvilon_altar_1, shapermc_ecumenical_altar_mp_vishouse,
          uniq_terence, uniq_natasha
D:4:      layout_loops_cross, lightli_temple_of_fire,
          cheibrodos_sewer_entry_sluice, eino_small_chamber_without_monster,
          minmay_misc_feat_rugged, minmay_shop_grid_forest
D:5:      layout_gridville, minmay_temple_entry_statues_fountains, serial_glass,
          glass_columns_a, glass_columns_a, serial_shops, shop_fountains,
          uniq_prince_ribbit1
D:6:      layout_basic, lemuel_round_altar, grunt_temple_overflow_open,
          uniq_edmund, uniq_sigmund
D:7:      minmay_inner_zag, layout_basic
D:8:      layout_rooms
D:9:      layout_gridville, lemuel_coloured_pillars_altar, orc_0_dummy
D:10:     layout_loops_cross, lemuel_round_altar, erik_lair_island,
          serial_shops, shop, minmay_misc_feat_pillars
Temple:   regret_index_temple_waves
Orc:1:    layout_caves, minmay_shop_mass, uniq_jorgrun

Skill      XL: |  1  2  3  4  5  6  7  8  9 10 |
---------------+-------------------------------+-----
Axes           | 3 4 5 6 7 8 10 12 14 | 14.2
Armour         | 4 5 7 8 9 |  9.1
Dodging        | 1 2 3 4 |  4.4
Shields        | 4 5 6 7 |  7.8
Fighting       | 4 5 6 8 |  8.1
Stealth        | 1 |  1.0

Action                   |  1- 3 |  4- 6 |  7- 9 | 10-12 || total
-------------------------+-------+-------+-------+-------++-------
Melee: War axe           |   100 |   197 |   242 |   186 ||   725
       Headbutt          |     8 |    23 |    39 |    51 ||   121
Evoke: Wand              |       |       |       |     5 ||     5
  Use: Scroll            |       |     6 |     6 |     6 ||    18
       Potion            |       |     4 |     3 |     3 ||    10
Armor: Scale mail        |    33 |    82 |    76 |    47 ||   238
Dodge: Dodged            |    38 |    51 |    78 |    53 ||   220
       Repelled          |       |       |       |     2 ||     2
Block: Kite shield       |    52 |    94 |   170 |   109 ||   425

Table legend: (Time is in decaauts)
 A = Elapsed time spent in this place.
 B = Non-inter-level travel time spent in this place.
 C = Inter-level travel time spent in this place.
 D = Time resting spent in this place.
 E = Time spent auto-exploring this place.
 F = Levels seen in this place.
 G = Mean time per level.
                   A        B        C        D        E       F      G
               +--------+--------+--------+--------+--------+-----+--------+
         Total |  12812 |  12279 |    533 |   3268 |   7247 |  13 |  985.5 |
       Dungeon |  11743 |  11216 |    527 |   3077 |   6625 |  10 | 1174.3 |
        Temple |    148 |    142 |      6 |      0 |    142 |   1 |  148.0 |
  Orcish Mines |      1 |      1 |      0 |      0 |      0 |   1 |    1.0 |
         Sewer |    918 |    918 |      0 |    191 |    479 |   1 |  918.0 |
               +--------+--------+--------+--------+--------+-----+--------+

Top non-repeatable levels by time:
     D:9: 1914 daAuts
     D:6: 1629 daAuts
     D:5: 1554 daAuts
     D:8: 1182 daAuts
     D:7: 1178 daAuts
     D:3: 1052 daAuts
     D:1: 1035 daAuts
     D:2: 1032 daAuts
   Sewer: 918 daAuts
     D:4: 828 daAuts
    D:10: 336 daAuts
  Temple: 148 daAuts
   Orc:1: 1 daAuts
